 Dungeon Crawl Stone Soup version 0.20.1-1-g8b1a95d (webtiles) character file.

84 letownia2 the Grave Robber (level 4, 0/36 HPs)
             Began as a Deep Dwarf Necromancer on Oct 28, 2017.
             Slain by a centaur (1 damage)
             ... on level 5 of the Dungeon.
             The game lasted 00:04:39 (1628 turns).

letownia2 the Grave Robber (Deep Dwarf Necromancer) Turns: 1628, Time: 00:04:39

Health: 0/36       AC:  6    Str: 12    XL:     4   Next: 24%
Magic:  1/8        EV: 11    Int: 16    God:
Gold:   121        SH:  0    Dex: 13    Spells: 4/8 levels left

rFire    . . .     SeeInvis .   (no weapon)
rCold    . . .     Gourm    .   (no shield)
rNeg     . . .     Faith    .   m - +0 ring mail
rPois    .         Spirit   .   (no helmet)
rElec    .         Reflect  .   (no cloak)
rCorr    .         Harm     .   i - +0 pair of gloves
MR       .....                  (no boots)
Stlth    +.........             (no amulet)
Regen    0.0/turn               (no ring)
MPRegen  0.2/turn               (no ring)

@: very slightly contaminated, non-regenerating
A: damage resistance, heal wounds, sense surroundings 1, no regeneration
a: Heal Wounds


You were on level 5 of the Dungeon.
You were not hungry.

You visited 1 branch of the dungeon, and saw 5 of its levels.

You collected 121 gold pieces.

Inventory:

Armour
 a - a +0 robe
 i - a +0 pair of gloves (worn)
 m - a +0 ring mail (worn)
Wands
 r - a wand of random effects (24/48)
Scrolls
 e - a scroll of teleportation {unknown}
 f - a scroll of enchant weapon {unknown}
 h - 2 scrolls of identify {unknown}
 j - a scroll of magic mapping {unknown}
 o - a scroll of recharging {unknown}
 t - a scroll of immolation {unknown}
Potions
 d - 2 potions of agility {unknown}
 l - a potion of curing {unknown}
 q - a potion of mutation {unknown}
 s - a potion of lignification {unknown}
 v - a potion of resistance {unknown}
Books
 b - a book of Necromancy

   Spells                             Type                      Level
   a - Pain                           Necromancy                   1
   b - Animate Skeleton               Necromancy                   1
   c - Vampiric Draining              Necromancy                   3
   d - Regeneration                   Charms/Necromancy            3
   e - Animate Dead                   Necromancy                   4
   f - Control Undead                 Necromancy                   4
 p - a book of Callings

   Spells                             Type                      Level
   a - Summon Small Mammal            Summoning                    1
   b - Call Imp                       Summoning                    2
   c - Call Canine Familiar           Summoning                    3
   d - Summon Guardian Golem          Hexes/Summoning              3
   e - Summon Lightning Spire         Summoning/Air                4
   f - Summon Ice Beast               Ice/Summoning                4
Comestibles
 c - 2 bread rations
 g - a royal jelly
 k - a meat ration
 u - 4 fruits


   Skills:
 - Level 2.1 Dodging
 - Level 2.4 Stealth
 - Level 2.9 Spellcasting
 + Level 5.5 Necromancy


You had 4 spell levels left.
You knew the following spells:

 Your Spells              Type           Power        Failure   Level  Hunger
a - Pain                  Necr           ###.         4%          1    #......
v - Vampiric Draining     Necr           ###.......   13%         3    ###....


Dungeon Overview and Level Annotations

Branches:
Dungeon (5/15)
 Temple: D:4-7

Altars:


Innate Abilities, Weirdness & Mutations

You are resistant to damage.
You can heal yourself by infusing magical energy.
You passively map a small area around you.
You do not regenerate.


Message History

The centaur is almost dead.
The centaur hits you but does no damage.
Unknown command.
You hit the centaur.
The centaur is almost dead.
The centaur hits you. The centaur closely misses you.
Unknown command.
You hit the centaur but do no damage.
The centaur is almost dead.
The centaur closely misses you.
Unknown command.
You barely miss the centaur.
The centaur is almost dead.
The centaur barely misses you. The centaur hits you!
* * * LOW HITPOINT WARNING * * *
Unknown command.
You hit the centaur but do no damage.
The centaur is almost dead.
The centaur hits you.
You die...

, , * * ,, * ,
, # ,
#.########* *
#....c..(# , ,
#....@...#
.#........# ,
#.........$#* ,
##.......<.+,,,
, #...?.....# ,
#..###...... ,
##> #.###### #
* #.# * , #.# *
*


You could see a centaur.

Vanquished Creatures
  A scorpion (D:4)
  An adder (D:2)
  A dart slug (D:1)
  4 leopard geckos (D:4)
  A giant cockroach (D:1)
  A goblin (D:1)
  3 hobgoblins
  A kobold (D:3)
  3 quokkas
  A frilled lizard (D:4)
  5 rats (D:1)
22 creatures vanquished.

Notes
Turn   | Place    | Note
-------+----------+-------------------------------------------
     0 | D:1      | letownia2 the Deep Dwarf Necromancer began the quest for the Orb.
     0 | D:1      | Reached XP level 1. HP: 15/15 MP: 3/3
   259 | D:1      | Reached XP level 2. HP: 22/22 MP: 0/5
   816 | D:4      | Noticed a scorpion
   820 | D:4      | Killed a scorpion
   820 | D:4      | Reached skill level 5 in Necromancy
   820 | D:4      | Reached XP level 3. HP: 2/28 MP: 1/7
   820 | D:4      | Reached XP level 4. HP: 3/36 MP: 1/8
   857 | D:4      | Learned a level 3 spell: Vampiric Draining
  1529 | D:5      | Entered Level 5 of the Dungeon
  1560 | D:5      | Noticed a phantom
  1607 | D:5      | Noticed a centaur
  1627 | D:5      | HP: 1/36 [centaur (6)]
  1628 | D:5      | Slain by a centaur

Skill      XL: |  1  2 |
---------------+-------+-----
Spellcasting   | 2 |  2.9
Necromancy     | 5 |  5.5
Dodging        | |  2.1
Stealth        | |  2.4

Action                   |  1- 3 |  4- 6 || total
-------------------------+-------+-------++-------
Melee: Unarmed           |     7 |    13 ||    20
 Cast: Pain              |    39 |     5 ||    44
       Vampiric Draining |       |     9 ||     9
  Eat: Chunk             |       |     4 ||     4
Armor: Robe              |     3 |       ||     3
       Ring mail         |       |    12 ||    12
Dodge: Dodged            |    15 |    19 ||    34
